 Dungeon Crawl Stone Soup version 0.29.0-4-gdea44cf6ec (webtiles) character file.

Game seed: 8378112695046656144

874 qw the Chopper (level 8, -8/48 HPs)
             Began as a Gargoyle Delver on Sept 10, 2022.
             Was a Follower of Okawaru.
             Mangled by Duvessa
             ... wielding a +0 short sword
              (11 damage)
             ... on level 6 of the Dungeon.
             The game lasted 00:02:03 (6204 turns).

qw the Chopper (Gargoyle Delver)                    Turns: 6204, Time: 00:02:03

Health: -8/48      AC: 16    Str: 18    XL:     8   Next: 4%
Magic:  10/11      EV:  9    Int: 11    God:    Okawaru [*.....]
Gold:   141        SH:  0    Dex: 11    Spells: 7/7 levels left

rFire   . . .      SeeInvis .   Y - +0 war axe
rCold   . . .      Faith    .   (no shield)
rNeg    + . .      Spirit   .   d - +0 chain mail
rPois   inf        Reflect  .   (no helmet)
rElec   +          Harm     .   (no cloak)
rCorr   +          Rampage  .   (no gloves)
Will    .....                   (no boots)
Stlth   +.........              (no amulet)
HPRegen 0.16/turn               e - ring of resist corrosion
MPRegen 0.12/turn               (no ring)

@: lit by a corona, about to teleport, heroic, glowing
A: sickness immunity, AC +5, negative energy resistance 1, electricity
resistance, torment resistance 1, petrification resistance
a: Renounce Religion, Heroism


You were on level 6 of the Dungeon.
You worshipped Okawaru.
Okawaru was aware of your devotion.
You visited 2 branches of the dungeon, and saw 7 of its levels.

You collected 285 gold pieces.
You spent 144 gold pieces at shops.


Innate Abilities, Weirdness & Mutations

You are immune to sickness and miasma.
Your stone body is resilient. (AC +5)
You are immune to poison.
You resist negative energy. (rN+)
You are resistant to electric shocks. (rElec)
You are resistant to unholy torment.
You are immune to petrification.


   Skills:
 - Level 4.1(9.1) Fighting
 + Level 6.5(11.5) Axes
 - Level 3.0(8.0) Armour
 - Level 1.5(6.5) Dodging
 - Level 5.4(10.4) Stealth
 - Level 4.0 Invocations


You had 7 spell levels left.
You didn't know any spells.
Your spell library was empty.

Inventory:

Hand Weapons
 c - a +0 flail
 Y - a +0 war axe (weapon)
Armour
 d - a +0 chain mail (worn)
Jewellery
 e - a ring of resist corrosion (left hand)
Wands
 g - a wand of digging (10)
Scrolls
 l - a scroll of identify
Potions
 b - a potion of magic {unknown}
 f - a potion of haste
 i - a potion of degeneration {unknown}
 j - a potion of cancellation
 k - a potion of invisibility {unknown}
 m - a potion of resistance
 n - a potion of attraction {unknown}
 o - a potion of curing {unknown}
 q - a potion of mutation {unknown}

Dungeon Overview and Level Annotations

Branches:
Dungeon (6/15)             Temple (1/1) D:4

Altars:
Ashenzari
Dithmenos
Fedhas
Hepliaklqana
Makhleb
Nemelex Xobeh
Okawaru
Ru
Sif Muna
Trog
Uskayaw
Xom
Yredelemnul

Shops:
D:3 *

Annotations:
D:4 3 runed translucent doors, qw's ghost, amateur FoCA; qw's ghost, amateur GrFi; qw's ghost, novice GrFi
D:6 Duvessa


Message History

Dowan barely misses you.
You slash Dowan!
Dowan is almost dead.
Dowan hits you but does no damage.
You slash Dowan!
You kill Dowan!
Okawaru accepts your kill.
You hear a distant scream of rage.
You have reached level 8!
You feel stronger.
You start resting.
Duvessa, Sister of Dowan comes into view.
She is wielding a +0 short sword and wearing a +2 leather armour of willpower.
6195 ||| Stepping ~*~*~tactically~*~*~ (stealth).
Duvessa shouts!
Duvessa goes berserk!
Duvessa rages.
You hit Duvessa but do no damage. Duvessa hits you with a +0 short sword.
Duvessa hits you but does no damage.
You slash Duvessa!
Duvessa is lightly wounded.
Duvessa hits you but does no damage.
You completely miss Duvessa.
Duvessa is lightly wounded.
Duvessa hits you but does no damage.
You hit Duvessa but do no damage.
Duvessa is lightly wounded.
Duvessa barely misses you. Duvessa hits you but does no damage.
You closely miss Duvessa. You punch Duvessa, but do no damage.
Duvessa is lightly wounded.
Duvessa hits you with a +0 short sword.
You hit Duvessa but do no damage.
Duvessa is lightly wounded.
Duvessa hits you with a +0 short sword!
You hit Duvessa.
Duvessa is lightly wounded.
Duvessa hits you with a +0 short sword! Duvessa hits you with a +0 short sword.
6204 ||| READING scroll of teleportation.
As you read the scroll of teleportation, it crumbles to dust.
You feel strangely unstable. Duvessa hits you with a +0 short sword!
You die...

....... .........
....... #..#.......
.......##.........#
.......<...# #..#
........#..####...
.......##....#..#
....... #.##.#.#
....... #..#...#
....... #.....@#
...##.# #..###e#
##. #....... #...
..##### ###... .
....# ...# ...# ..#


You could see Duvessa (berserk).

Vanquished Creatures
  A black bear (D:5)
  An ice beast (D:5)
  A phantom (D:6)
  2 scorpions (D:5)
  Dowan (D:6)
  A howler monkey (D:5)
  6 hounds
  An orc priest (D:4)
  An orc wizard (D:4)
  An iguana (D:5)
  3 gnolls (D:4)
  5 adders
  An ufetubus (D:5)
  2 worms (D:3)
  4 dart slugs
  4 orcs
  4 endoplasms
  A giant cockroach (D:1)
  13 goblins
  7 hobgoblins
  9 kobolds
  3 quokkas
  6 ball pythons
  5 bats
  2 frilled lizards
  3 rats (D:2)
88 creatures vanquished.

Vanquished Creatures (others)
  12 plants (D:1)
12 creatures vanquished.

Grand Total: 100 creatures vanquished

Notes
Turn   | Place    | Note
-------+----------+-------------------------------------------
     0 | D:5      | qw the Gargoyle Delver began the quest for the Orb.
     0 | D:5      | Reached XP level 1. HP: 14/14 MP: 1/1
     0 | D:5      | 0 ||| qw: Version: 0.1-a-116-g5d60599
     0 | D:5      | 0 ||| qw: Game counter: 7752
     0 | D:5      | 0 ||| qw: Always use a shield: true
     0 | D:5      | 0 ||| qw: God list: Okawaru
     0 | D:5      | 0 ||| qw: Allow faded altars: false
     0 | D:5      | 0 ||| qw: Do Orc after D:15 true
     0 | D:5      | 0 ||| qw: Do second Lair branch before Depths: true
     0 | D:5      | 0 ||| qw: Lair rune preference: random
     0 | D:5      | 0 ||| qw: Plans: Normal
     0 | D:5      | 0 ||| PLANNING D:1-11
    47 | D:5      | 47 ||| DROPPING scroll of fog.
    48 | D:5      | 48 ||| DROPPING scroll of magic mapping.
    49 | D:5      | 49 ||| DROPPING scroll of fear.
    69 | D:4      | Found a staircase to the Ecumenical Temple.
    70 | D:4      | 70 ||| PLANNING TEMPLE
    90 | Temple   | Entered the Ecumenical Temple
   125 | Temple   | 125 ||| PLANNING D:1-11
   151 | Temple   | Became a worshipper of Warmaster Okawaru
   356 | D:4      | HP: 3/14 [orc/+0 club (1)]
   358 | D:4      | Reached skill level 2 in Axes
   640 | D:3      | Reached XP level 2. HP: 13/19 MP: 2/2
   779 | D:3      | 779 ||| UPGRADING to ring of resist corrosion.
   813 | D:2      | Reached skill level 3 in Axes
   820 | D:2      | Reached XP level 3. HP: 13/23 MP: 3/3
   976 | D:2      | 976 ||| Stepping ~*~*~tactically~*~*~ (stealth).
   977 | D:2      | 977 ||| Stepping ~*~*~tactically~*~*~ (stealth).
  1059 | D:2      | 1059 ||| READING scroll labelled HEEPLAL UMOIM.
  1060 | D:2      | 1060 ||| READING scroll labelled OSCHEO UGADOR.
  1162 | D:1      | 1162 ||| Stepping ~*~*~tactically~*~*~ (hiding).
  1193 | D:1      | 1193 ||| Stepping ~*~*~tactically~*~*~ (stealth).
  1195 | D:1      | 1195 ||| Stepping ~*~*~tactically~*~*~ (stealth).
  1224 | D:1      | 1224 ||| Stepping ~*~*~tactically~*~*~ (stealth).
  1225 | D:1      | 1225 ||| Stepping ~*~*~tactically~*~*~ (stealth).
  1263 | D:1      | 1263 ||| Stepping ~*~*~tactically~*~*~ (stealth).
  1446 | D:1      | Found a faded altar of an unknown god.
  1698 | D:1      | 1698 ||| READING scroll labelled YCZOIH AMARANUE.
  1699 | D:1      | 1699 ||| READING scroll labelled ERRASA SYIV.
  1700 | D:1      | 1700 ||| READING scroll labelled ERITIK OLOYFI.
  1705 | D:1      | 1705 ||| DRINKING 2 fizzy brown potions.
  1720 | D:2      | 1720 ||| STAIRDANCE
  1745 | D:2      | 1745 ||| STAIRDANCE
  1760 | D:2      | 1760 ||| Stepping ~*~*~tactically~*~*~ (stealth).
  1763 | D:2      | 1763 ||| Stepping ~*~*~tactically~*~*~ (stealth).
  1779 | D:2      | 1779 ||| Stepping ~*~*~tactically~*~*~ (stealth).
  1780 | D:2      | 1780 ||| Stepping ~*~*~tactically~*~*~ (stealth).
  1781 | D:2      | 1781 ||| Stepping ~*~*~tactically~*~*~ (stealth).
  1785 | D:2      | 1785 ||| Stepping ~*~*~tactically~*~*~ (stealth).
  1788 | D:2      | Reached XP level 4. HP: 28/28 MP: 4/4
  1789 | D:2      | 1789 ||| Stepping ~*~*~tactically~*~*~ (stealth).
  1811 | D:2      | 1811 ||| FLEEEEING.
  1815 | D:2      | 1815 ||| STAIRDANCE
  1883 | D:2      | 1883 ||| SWAPPING to +0 war axe.
  1884 | D:2      | 1884 ||| DROPPING +0 hand axe of draining.
  1891 | D:2      | 1891 ||| Stepping ~*~*~tactically~*~*~ (stealth).
  1892 | D:2      | 1892 ||| Stepping ~*~*~tactically~*~*~ (stealth).
  1894 | D:2      | 1894 ||| Stepping ~*~*~tactically~*~*~ (stealth).
  1895 | D:2      | 1895 ||| Stepping ~*~*~tactically~*~*~ (stealth).
  1897 | D:2      | 1897 ||| Stepping ~*~*~tactically~*~*~ (stealth).
  1908 | D:2      | 1908 ||| Stepping ~*~*~tactically~*~*~ (stealth).
  1911 | D:2      | 1911 ||| Stepping ~*~*~tactically~*~*~ (stealth).
  1913 | D:2      | 1913 ||| Stepping ~*~*~tactically~*~*~ (stealth).
  1965 | D:2      | 1965 ||| Stepping ~*~*~tactically~*~*~ (stealth).
  1967 | D:2      | 1967 ||| Stepping ~*~*~tactically~*~*~ (stealth).
  1974 | D:2      | 1974 ||| Stepping ~*~*~tactically~*~*~ (stealth).
  1975 | D:2      | 1975 ||| Stepping ~*~*~tactically~*~*~ (stealth).
  1976 | D:2      | 1976 ||| Stepping ~*~*~tactically~*~*~ (stealth).
  1978 | D:2      | 1978 ||| Stepping ~*~*~tactically~*~*~ (stealth).
  1979 | D:2      | 1979 ||| Stepping ~*~*~tactically~*~*~ (stealth).
  1980 | D:2      | 1980 ||| Stepping ~*~*~tactically~*~*~ (stealth).
  1982 | D:2      | 1982 ||| Stepping ~*~*~tactically~*~*~ (stealth).
  2084 | D:2      | 2084 ||| Stepping ~*~*~tactically~*~*~ (stealth).
  2085 | D:2      | 2085 ||| Stepping ~*~*~tactically~*~*~ (stealth).
  2087 | D:2      | 2087 ||| Stepping ~*~*~tactically~*~*~ (stealth).
  2103 | D:2      | 2103 ||| Stepping ~*~*~tactically~*~*~ (stealth).
  2105 | D:2      | 2105 ||| Stepping ~*~*~tactically~*~*~ (stealth).
  2122 | D:2      | Reached skill level 4 in Axes
  2460 | D:2      | 2460 ||| READING 2 scrolls of identify.
  2460 | D:2      | 2460 ||| IDENTIFYING fuming silvery potion
  2461 | D:2      | 2461 ||| DROPPING potion of flight.
  2480 | D:3      | 2480 ||| Stepping ~*~*~tactically~*~*~ (hiding).
  2521 | D:3      | 2521 ||| Stepping ~*~*~tactically~*~*~ (hiding).
  2623 | D:3      | 2623 ||| Stepping ~*~*~tactically~*~*~ (hiding).
  2725 | D:3      | 2725 ||| Stepping ~*~*~tactically~*~*~ (hiding).
  2827 | D:3      | 2827 ||| Stepping ~*~*~tactically~*~*~ (hiding).
  2929 | D:3      | 2929 ||| Stepping ~*~*~tactically~*~*~ (hiding).
  3031 | D:3      | 3031 ||| Stepping ~*~*~tactically~*~*~ (hiding).
  3415 | D:3      | Found Georulukk's General Store.
  3448 | D:3      | 3448 ||| SHOPLISTING +4 ring mail of Greater Demons {-Cast
                  | Fly rF+ Str+4 Dex+7} (674 gold, have 232).
  3448 | D:3      | 3448 ||| BUYING potion of resistance (120 gold).
  3448 | D:3      | Bought a potion of resistance for 120 gold pieces
  3448 | D:3      | 3448 ||| BUYING scroll of identify (24 gold).
  3448 | D:3      | Bought a scroll of identify for 24 gold pieces
  3553 | D:3      | 3553 ||| UPGRADING to +0 chain mail.
  3563 | D:3      | 3563 ||| DROPPING +0 leather armour.
  3564 | D:3      | 3564 ||| READING 2 scrolls of identify.
  3564 | D:3      | 3564 ||| IDENTIFYING smoky golden potion
  3645 | D:4      | Reached XP level 5. HP: 32/32 MP: 5/5
  3646 | D:4      | 3646 ||| Stepping ~*~*~tactically~*~*~ (hiding).
  3656 | D:4      | Reached skill level 1 in Armour
  3817 | D:4      | Found a runed translucent gate.
  3817 | D:4      | Found a runed translucent gate.
  3817 | D:4      | Found a runed translucent gate.
  3818 | D:4      | Noticed qw's ghost (amateur FoCA)
  3818 | D:4      | Noticed qw's ghost (amateur GrFi)
  3819 | D:4      | Noticed qw's ghost (novice GrFi)
  3819 | D:4      | Noticed qw's ghost (amateur GrFi)
  3864 | D:4      | 3864 ||| Stepping ~*~*~tactically~*~*~ (stealth).
  3867 | D:4      | 3867 ||| Stepping ~*~*~tactically~*~*~ (stealth).
  3955 | D:4      | Reached * piety under Okawaru
  4234 | D:4      | 4234 ||| INVOKING Heroism.
  4244 | D:4      | 4244 ||| INVOKING Heroism.
  4339 | D:4      | 4339 ||| Stepping ~*~*~tactically~*~*~ (hiding).
  4348 | D:4      | HP: 6/32 [orc priest/divine providence (15)]
  4349 | D:4      | 4349 ||| DRINKING potion of heal wounds.
  4360 | D:4      | Reached skill level 5 in Axes
  4367 | D:4      | 4367 ||| INVOKING Heroism.
  4368 | D:4      | 4368 ||| INVOKING Heroism.
  4376 | D:4      | Reached XP level 6. HP: 18/37 MP: 3/6
  4560 | D:4      | Reached skill level 1 in Invocations
  4896 | D:5      | Noticed an ice beast
  4897 | D:5      | 4897 ||| INVOKING Heroism.
  4902 | D:5      | Killed an ice beast
  4903 | D:5      | Reached XP level 7. HP: 33/43 MP: 5/9
  4979 | D:5      | 4979 ||| INVOKING Heroism.
  4986 | D:5      | Reached skill level 3 in Invocations
  5020 | D:5      | 5020 ||| Stepping ~*~*~tactically~*~*~ (stealth).
  5046 | D:5      | 5046 ||| Stepping ~*~*~tactically~*~*~ (stealth).
  5085 | D:5      | 5085 ||| INVOKING Heroism.
  5250 | D:5      | Identified the +1 robe of Norah {rPois rC- MP+9 Dex-3}
  5266 | D:5      | 5266 ||| INVOKING Heroism.
  5323 | D:5      | 5323 ||| Stepping ~*~*~tactically~*~*~ (stealth).
  5341 | D:5      | 5341 ||| Stepping ~*~*~tactically~*~*~ (stealth).
  5345 | D:5      | 5345 ||| Stepping ~*~*~tactically~*~*~ (stealth).
  5347 | D:5      | 5347 ||| Stepping ~*~*~tactically~*~*~ (stealth).
  5348 | D:5      | 5348 ||| Stepping ~*~*~tactically~*~*~ (stealth).
  5567 | D:5      | Reached skill level 6 in Axes
  5586 | D:5      | 5586 ||| INVOKING Heroism.
  6099 | D:5      | 6099 ||| READING scroll labelled DIFRIZ GUIPLAM.
  6100 | D:5      | 6100 ||| READING scroll labelled TEYRAS TERUTIE.
  6101 | D:5      | 6101 ||| READING scroll labelled LUL MEAJEKORHIVA.
  6125 | D:6      | 6125 ||| STAIRDANCE
  6135 | D:5      | Reached skill level 3 in Armour
  6183 | D:6      | Noticed Dowan
  6184 | D:6      | 6184 ||| INVOKING Heroism.
  6193 | D:6      | Killed Dowan
  6194 | D:6      | Reached XP level 8. HP: 41/48 MP: 9/11
  6194 | D:6      | Noticed Duvessa
  6195 | D:6      | 6195 ||| Stepping ~*~*~tactically~*~*~ (stealth).
  6203 | D:6      | HP: 9/48 [Duvessa/+0 short sword (14)]
  6203 | D:6      | HP: 3/48 [Duvessa/+0 short sword (6)]
  6204 | D:6      | 6204 ||| READING scroll of teleportation.
  6204 | D:6      | Mangled by Duvessa

Levels and vault maps discovered:
D:1:      ncdulo_lavacross, layout_rooms, shapermc_ecumenical_altar_flowoftime,
          minivault_24, serial_bayou_lagoon_b
D:2:      kennysheep_the_goblin_king, layout_basic
D:3:      layout_basic, serial_shops, nicolae_shop_stone, amethyst_killhole,
          amcnicky_mini_corridor_feature, minmay_cupped
D:4:      layout_cave_pods, minmay_temple_entry_mini_moons,
          gammafunk_ghost_cemetery
D:5:      layout_basic, serial_park_tiny_2, hex_medium
D:6:      layout_rooms, grunt_temple_overflow_open, uniq_duvessa
Temple:   nicolae_temple_god_jail

Skill      XL: |  1  2  3  4  5  6  7 |
---------------+----------------------+-----
Axes           | 2 3 4 5 6 |  6.5
Armour         | 2 3 |  3.0
Invocations    | 2 4 |  4.0
Fighting       | 4 |  4.1
Dodging        | |  1.5
Stealth        | |  5.4

Action                   |  1- 3 |  4- 6 |  7- 9 || total
-------------------------+-------+-------+-------++-------
Melee: Hand axe          |    81 |     2 |       ||    83
       Punch             |     2 |     3 |     1 ||     6
       War axe           |       |   157 |    90 ||   247
Throw: Boomerang         |    29 |    32 |       ||    61
Invok: Heroism           |       |     4 |     5 ||     9
  Use: Scroll            |     5 |     2 |     4 ||    11
       Potion            |     1 |     1 |       ||     2
Armor: Leather armour    |    24 |    37 |       ||    61
       Chain mail        |       |    58 |    80 ||   138
Dodge: Dodged            |    29 |    82 |    36 ||   147

Table legend:
 A = Non-vault XP
 B = Vault XP
 C = Vault XP percentage of total XP
 D = Non-vault monster count
 E = Vault monster count
 F = Vault count percentage of total count
                 A         B        C        D         E       F
            +---------+---------+-------+---------+---------+-------
      Total |    1160 |      89 |   7.1 |      77 |      11 |  12.5
            +---------+---------+-------+---------+---------+-------
        D:1 |      40 |       0 |   0.0 |      21 |       0 |   0.0
        D:2 |      54 |      11 |  16.9 |      13 |       6 |  31.6
        D:3 |      42 |       9 |  17.6 |      14 |       4 |  22.2
        D:4 |     198 |       0 |   0.0 |      15 |       0 |   0.0
        D:5 |     723 |       0 |   0.0 |      13 |       0 |   0.0
        D:6 |     103 |      69 |  40.1 |       1 |       1 |  50.0
            +---------+---------+-------+---------+---------+-------
